[Event "Nordic Youth-ch A 2019"]
[Site "Borgarnes"]
[Date "2019.02.16"]
[Round "4.13"]
[White "Falkevall, Axel"]
[Black "Soderstrom, Adrian"]
[Result "0-1"]
[ECO "C54"]
[WhiteElo "2070"]
[BlackElo "2138"]
[Annotator "NA"]
[PlyCount "78"]
[EventDate "2019.02.03"]
[EventType "swiss"]
[EventCountry "ISL"]
[SourceTitle "playchess.com"]
[Source "ChessBase"]
[SourceQuality "1"]
[TimeControl "5400+30"]

1. e4 e5 2. Nf3 Nc6 3. Bc4 Bc5 4. c3 Nf6 5. d4 exd4 6. cxd4 Bb4+ 7. Nc3 Nxe4 8. O-O Bxc3 9. d5 Bf6 10. Re1 Ne7 11. Rxe4 d6 12. Bg5 Bxg5 13. Nxg5 O-O 14. Nxh7 Kxh7 15. Qh5+ Kg8 16. Rh4 f5 17. Be2 Ng6 18. Qh7+ Kf7 19. Bh5 Qg5 20. Re1 Qh6 21. Bxg6+ Qxg6 22. Re7+ Kf6 23. Qxg6+ Kxg6 24. Rxc7 Rf7 25. Rhc4 Rxc7 26. Rxc7 Kf6 27. f4 b6 28. Kf2 Rb8 29. Ke3 Ba6 30. Rd7 Re8+ 31. Kf3 Be2+ 32. Kg3 Bc4 33. Rxd6+ Ke7 34. Rc6 Bxd5 35. Rc7+ Kf6 36. Rxa7 Re2 37. Ra6 Rxg2+ 38. Kh3 Rg4 39. Rxb6+ {[%emt 0:00:28] Ke5} Kf7 0-1

[Event "Nordic Youth-ch A 2019"]
[Site "Borgarnes"]
[Date "2019.02.16"]
[Round "4.14"]
[White "Dale, Gunnar Brandshaug"]
[Black "Apol, Luitjen Akselsson"]
[Result "0-1"]
[ECO "B90"]
[WhiteElo "1889"]
[BlackElo "1854"]
[Annotator "NA"]
[PlyCount "68"]
[EventDate "2019.02.03"]
[EventType "swiss"]
[EventCountry "ISL"]
[SourceTitle "playchess.com"]
[Source "ChessBase"]
[SourceQuality "1"]
[TimeControl "5400+30"]

1. e4 c5 2. Nf3 d6 3. d4 cxd4 4. Nxd4 Nf6 5. Nc3 a6 6. Bc4 b5 7. Bb3 e6 8. O-O Be7 9. Qf3 Qc7 10. Qg3 Nc6 11. Be3 Bb7 12. f3 h5 13. Rfd1 h4 14. Qf2 Qd7 15. Nxc6 Qxc6 16. Rd2 Nd7 17. Rad1 Nc5 18. Ne2 h3 19. Nd4 Qc7 20. g3 Rc8 21. c3 Ba8 22. Bc2 Qb7 23. Nb3 Nd7 24. Bd3 Ne5 25. Be2 f5 26. exf5 Ng4 27. Na5 Nxf2 28. Nxb7 Nxd1 29. Nxd6+ Bxd6 30. Rxd6 Nxe3 31. Rxe6+ Kf7 32. Rxe3 Rhe8 33. Rxe8 Rxe8 34. Kf2 Bd5 0-1

[Event "Nordic Youth-ch A 2019"]
[Site "Borgarnes"]
[Date "2019.02.16"]
[Round "4.15"]
[White "Moller, Albert Mechlenburg"]
[Black "Shehzad, Shazil"]
[Result "1/2-1/2"]
[ECO "A34"]
[WhiteElo "1845"]
[BlackElo "1959"]
[Annotator "NA"]
[PlyCount "126"]
[EventDate "2019.02.03"]
[EventType "swiss"]
[EventCountry "ISL"]
[SourceTitle "playchess.com"]
[Source "ChessBase"]
[SourceQuality "1"]
[TimeControl "5400+30"]

1. c4 c5 2. Nc3 Nf6 3. g3 e6 4. Bg2 Nc6 5. e3 b6 6. Nge2 Bb7 7. d4 d6 8. O-O Be7 9. d5 exd5 10. Nxd5 Nxd5 11. Bxd5 Bf6 12. a3 O-O 13. Rb1 Qc7 14. b3 Rad8 15. Bb2 Bxb2 16. Rxb2 Ne7 17. Bxb7 Qxb7 18. Nc3 a6 19. Rd2 Qc7 20. a4 Rd7 21. Nd5 Nxd5 22. Rxd5 Rfd8 23. Qd3 Re7 24. Rd1 Re6 25. e4 Qe7 26. Re1 f6 27. f3 g6 28. Rd1 Kf7 29. Qd2 Kg7 30. h4 Qd7 31. Kg2 h6 32. g4 Qe7 33. a5 bxa5 34. Qxa5 Re8 35. Qc3 Kh7 36. Qc2 Kg7 37. h5 g5 38. Qd2 Rd8 39. Rxc5 Rb8 40. Rd5 Rxb3 41. Rxd6 Rxd6 42. Qxd6 Qxd6 43. Rxd6 Rc3 44. Rd7+ Kg8 45. Rd6 Kg7 46. Rxa6 Rxc4 47. Ra3 Rc2+ 48. Kg3 Rc1 49. Kf2 Rb1 50. Ke3 Rd1 51. Rd3 Ra1 52. Kd4 Kf7 53. Kd5 Ra5+ 54. Kc6 Ra6+ 55. Kb7 Ra1 56. Rd7+ Ke6 57. Rh7 Rf1 58. Rxh6 Rxf3 59. Rh8 Rg3 60. h6 Kf7 61. h7 Kg7 62. Rf8 Kxh7 63. Rxf6 Rxg4 1/2-1/2

[Event "Nordic Youth-ch A 2019"]
[Site "Borgarnes"]
[Date "2019.02.16"]
[Round "4.16"]
[White "Iskos, Lukas"]
[Black "Sinitsyn, Anton"]
[Result "0-1"]
[ECO "C50"]
[WhiteElo "1678"]
[BlackElo "1621"]
[Annotator "NA"]
[PlyCount "24"]
[EventDate "2019.02.03"]
[EventType "swiss"]
[EventCountry "ISL"]
[SourceTitle "playchess.com"]
[Source "ChessBase"]
[SourceQuality "1"]
[TimeControl "5400+30"]

1. e4 e5 2. Nf3 Nc6 3. Bc4 Bc5 4. O-O Nf6 5. d4 Bxd4 6. Nxd4 Nxd4 7. f4 d6 8. fxe5 dxe5 9. Bg5 Qe7 10. c3 Ne6 11. Qf3 Nxg5 12. Qe3 Ngxe4 0-1

[Event "Nordic Youth-ch A 2019"]
[Site "Borgarnes"]
[Date "2019.02.16"]
[Round "4.17"]
[White "Kvaloy, Aksel Bu"]
[Black "Koota, Ilkka"]
[Result "1-0"]
[ECO "C45"]
[WhiteElo "2066"]
[BlackElo "1514"]
[Annotator "NA"]
[PlyCount "61"]
[EventDate "2019.02.03"]
[EventType "swiss"]
[EventCountry "ISL"]
[SourceTitle "playchess.com"]
[Source "ChessBase"]
[SourceQuality "1"]
[TimeControl "5400+30"]

1. e4 e5 2. Nf3 Nc6 3. d4 exd4 4. Nxd4 Bc5 5. Be3 Qf6 6. c3 Nge7 7. Bb5 a6 8. Ba4 Ba7 9. O-O b5 10. Bc2 Bb7 11. Nxc6 Qxc6 12. Bxa7 Rxa7 13. Qd4 Ra8 14. Qxg7 Rg8 15. Qe5 d6 16. Qh5 Ng6 17. f4 Qc5+ 18. Qxc5 dxc5 19. Nd2 c4 20. g3 Rd8 21. Rad1 h5 22. Kf2 h4 23. Nf3 hxg3+ 24. hxg3 Nf8 25. Rxd8+ Kxd8 26. Rh1 Ke7 27. Nd4 Nd7 28. a4 c5 29. Nf5+ Ke6 30. Rd1 Rc8 31. Rd6# {[%emt 0:00:07] Kd5} 1-0

[Event "Nordic Youth-ch A 2019"]
[Site "Borgarnes"]
[Date "2019.02.16"]
[Round "4.18"]
[White "Medhus, Vitus Bondo"]
[Black "Olsen, William Alexander"]
[Result "1-0"]
[ECO "B12"]
[WhiteElo "1788"]
[BlackElo "1646"]
[Annotator "NA"]
[PlyCount "103"]
[EventDate "2019.02.03"]
[EventType "swiss"]
[EventCountry "ISL"]
[SourceTitle "playchess.com"]
[Source "ChessBase"]
[SourceQuality "1"]
[TimeControl "5400+30"]

1. e4 c6 2. d4 d5 3. f3 dxe4 4. fxe4 e5 5. Nf3 exd4 6. Bc4 Bc5 7. O-O Nf6 8. Ng5 Be6 9. Bxe6 fxe6 10. e5 Qe7 11. exf6 gxf6 12. Qh5+ Kd7 13. Nd2 Na6 14. Nde4 Raf8 15. Nh3 e5 16. Qf5+ Qe6 17. Nxf6+ Ke7 18. Qxe6+ Kxe6 19. Ng5+ Ke7 20. Nfe4 Rxf1+ 21. Kxf1 Rf8+ 22. Ke2 Bb6 23. Nf3 Ke6 24. Bh6 Rg8 25. g3 Rg6 26. Bf8 c5 27. Bd6 Kd5 28. Nxe5 Re6 29. Kf3 c4 30. c3 d3 31. b3 Rxe5 32. bxc4+ Ke6 33. Bxe5 Kxe5 34. Rd1 h5 35. Rxd3 Bg1 36. Rd5+ Ke6 37. Rxh5 Bb6 38. Rg5 Bd8 39. Rg4 Nb8 40. Nc5+ Kf5 41. Nxb7 Bf6 42. h4 Nd7 43. Rf4+ Kg6 44. c5 Ne5+ 45. Ke4 Nc6 46. h5+ Kg7 47. g4 Bxc3 48. g5 Bd2 49. h6+ Kh7 50. Rf7+ Kh8 51. g6 Bxh6 52. Rh7+ 1-0

[Event "Nordic Youth-ch A 2019"]
[Site "Borgarnes"]
[Date "2019.02.16"]
[Round "4.19"]
[White "Knudsen, Philip Uhre"]
[Black "Smarason, Kristjan Ingi"]
[Result "1-0"]
[ECO "A04"]
[WhiteElo "1394"]
[BlackElo "1422"]
[Annotator "NA"]
[PlyCount "103"]
[EventDate "2019.02.03"]
[EventType "swiss"]
[EventCountry "ISL"]
[SourceTitle "playchess.com"]
[Source "ChessBase"]
[SourceQuality "1"]
[TimeControl "5400+30"]

1. Nf3 c5 2. b3 d5 3. Bb2 Nf6 4. e3 Bf5 5. d4 e6 6. c4 dxc4 7. bxc4 Be7 8. Bd3 Bxd3 9. Qxd3 O-O 10. O-O Nc6 11. Nc3 e5 12. d5 Nb4 13. Qf5 Bd6 14. Nxe5 Bxe5 15. Qxe5 Nd3 16. Qf5 Nxb2 17. e4 Nxc4 18. Rad1 Qd7 19. Qf3 Rfe8 20. Rfe1 Ne5 21. Qg3 Qg4 22. Qe3 Rac8 23. h3 Qd7 24. f4 Nc4 25. Qe2 Nb6 26. e5 Nfxd5 27. Nxd5 Nxd5 28. Qf3 Rcd8 29. Rd3 c4 30. Rd4 Qc6 31. Red1 Qc5 32. Kh2 c3 33. Rxd5 Rxd5 34. Rxd5 Qc6 35. Rd3 Qxf3 36. Rxf3 Rc8 37. Rf1 c2 38. Rc1 a5 39. a4 Kf8 40. Kg1 Ke7 41. Kf2 Ke6 42. Ke3 Kd5 43. Kd3 b6 44. Rxc2 Rxc2 45. Kxc2 g6 46. Kd3 h6 47. h4 Ke6 48. Ke4 Kd7 49. Kd5 Kc7 50. h5 Kd7 51. g4 gxh5 52. gxh5 1-0

[Event "Nordic Youth-ch A 2019"]
[Site "Borgarnes"]
[Date "2019.02.17"]
[Round "5.1"]
[White "Nazarova, Anastasia"]
[Black "Kristensen, Bjarke Hautop"]
[Result "0-1"]
[ECO "B90"]
[WhiteElo "2176"]
[BlackElo "2212"]
[Annotator "NA"]
[PlyCount "78"]
[EventDate "2019.02.03"]
[EventType "swiss"]
[EventCountry "ISL"]
[SourceTitle "playchess.com"]
[Source "ChessBase"]
[SourceQuality "1"]
[TimeControl "5400+30"]

1. e4 c5 2. Nf3 d6 3. d4 cxd4 4. Nxd4 Nf6 5. Nc3 a6 6. Be3 Ng4 7. Bc1 Nf6 8. f3 e5 9. Nb3 Be6 10. Be3 h5 11. Qd2 Nbd7 12. O-O-O Rc8 13. Kb1 Be7 14. h3 b5 15. Bd3 Nb6 16. Qf2 Nfd7 17. f4 Rxc3 18. bxc3 Na4 19. Qd2 Qc7 20. Ka1 Nxc3 21. Rdf1 f6 22. g4 a5 23. g5 b4 24. fxe5 dxe5 25. gxf6 gxf6 26. Rfg1 Qc6 27. Qc1 a4 28. Nd4 exd4 29. Bxd4 Bf7 30. Bxc3 bxc3 31. Rg7 Qe6 32. Rxf7 Kxf7 33. Rg1 Ne5 34. Be2 Qb6 35. Rf1 a3 36. Rf5 Rg8 37. Bxh5+ Ke6 38. Bg4 Rxg4 39. hxg4 Nc4 0-1

[Event "Nordic Youth-ch A 2019"]
[Site "Borgarnes"]
[Date "2019.02.17"]
[Round "5.2"]
[White "Thorgeirsson, Jon Kristinn"]
[Black "Fossan, Andreas"]
[Result "1-0"]
[ECO "C11"]
[WhiteElo "2306"]
[BlackElo "2025"]
[Annotator "NA"]
[PlyCount "37"]
[EventDate "2019.02.03"]
[EventType "swiss"]
[EventCountry "ISL"]
[SourceTitle "playchess.com"]
[Source "ChessBase"]
[SourceQuality "1"]
[TimeControl "5400+30"]

1. e4 e6 2. d4 d5 3. Nc3 Nf6 4. Bg5 dxe4 5. Nxe4 Be7 6. Bxf6 gxf6 7. Nf3 f5 8. Ng3 c5 9. d5 O-O 10. Qd2 Qxd5 11. Qh6 f6 12. Qh4 Nd7 13. Bc4 Qc6 14. Nxf5 Bd8 15. Qg4+ Kf7 16. O-O-O Ne5 17. Qg7+ Ke8 18. Rxd8+ Kxd8 19. Qe7# 1-0

[Event "Nordic Youth-ch A 2019"]
[Site "Borgarnes"]
[Date "2019.02.17"]
[Round "5.3"]
[White "Keinanen, Toivo"]
[Black "Finnsson, Eli W."]
[Result "1-0"]
[ECO "B23"]
[WhiteElo "2403"]
[BlackElo "1659"]
[Annotator "NA"]
[PlyCount "49"]
[EventDate "2019.02.03"]
[EventType "swiss"]
[EventCountry "ISL"]
[SourceTitle "playchess.com"]
[Source "ChessBase"]
[SourceQuality "1"]
[TimeControl "5400+30"]

1. e4 c5 2. Nc3 d6 3. d4 cxd4 4. Qxd4 a6 5. b3 Nf6 6. Bb2 Nbd7 7. O-O-O e5 8. Qd2 Nc5 9. f4 Ncxe4 10. Nxe4 Nxe4 11. Qe1 f5 12. Bc4 Qc7 13. Nf3 exf4 14. Ng5 Be7 15. Nxe4 fxe4 16. Bxg7 Bg4 17. Bxh8 Bxd1 18. Qxd1 O-O-O 19. Bb2 Kb8 20. Bd5 e3 21. Qd3 Bg5 22. Kb1 Re8 23. Bf3 Qe7 24. Ba3 Rd8 25. Rd1 1-0

[Event "Nordic Youth-ch A 2019"]
[Site "Borgarnes"]
[Date "2019.02.17"]
[Round "5.4"]
[White "Crevatin, Leo"]
[Black "Heimisson, Hilmir Freyr"]
[Result "1/2-1/2"]
[ECO "E32"]
[WhiteElo "2190"]
[BlackElo "2394"]
[Annotator "NA"]
[PlyCount "52"]
[EventDate "2019.02.03"]
[EventType "swiss"]
[EventCountry "ISL"]
[SourceTitle "playchess.com"]
[Source "ChessBase"]
[SourceQuality "1"]
[TimeControl "5400+30"]

1. d4 Nf6 2. c4 e6 3. Nc3 Bb4 4. Qc2 O-O 5. Nf3 c5 6. dxc5 Na6 7. g3 Nxc5 8. Bg2 Nce4 9. O-O Bxc3 10. bxc3 Qc7 11. Nd4 d5 12. cxd5 exd5 13. Bf4 Qc4 14. Rac1 Bd7 15. Qb3 Rfc8 16. Qxb7 Nc5 17. Qb4 Na4 18. Qxc4 Rxc4 19. Be5 Nxc3 20. Bxf6 gxf6 21. Bxd5 Rxd4 22. Bxa8 Nxe2+ 23. Kg2 Nxc1 24. Rxc1 Rd2 25. Rc7 a5 26. a4 Bxa4 1/2-1/2

[Event "Nordic Youth-ch A 2019"]
[Site "Borgarnes"]
[Date "2019.02.17"]
[Round "5.5"]
[White "Stefansson, Vignir Vatnar"]
[Black "Sjoberg, Isak"]
[Result "1-0"]
[ECO "E73"]
[WhiteElo "2263"]
[BlackElo "2250"]
[Annotator "NA"]
[PlyCount "53"]
[EventDate "2019.02.03"]
[EventType "swiss"]
[EventCountry "ISL"]
[SourceTitle "playchess.com"]
[Source "ChessBase"]
[SourceQuality "1"]
[TimeControl "5400+30"]

1. d4 Nf6 2. c4 g6 3. Nc3 Bg7 4. e4 d6 5. Be2 O-O 6. Be3 c5 7. e5 dxe5 8. dxe5 Qxd1+ 9. Rxd1 Ng4 10. Bxc5 Nc6 11. f4 b6 12. Bf2 Nb4 13. Bf3 Rb8 14. a3 Nxf2 15. Kxf2 Na6 16. Nd5 Re8 17. Ne2 Bb7 18. b4 e6 19. Ne3 f6 20. exf6 Bxf6 21. Rd7 Bxf3 22. Kxf3 Ra8 23. Rhd1 Nb8 24. Rc7 Bb2 25. Ng4 Rf8 26. Nd4 Na6 27. Rd7 1-0

[Event "Nordic Youth-ch A 2019"]
[Site "Borgarnes"]
[Date "2019.02.17"]
[Round "5.7"]
[White "Tryggestad, Andreas Garberg"]
[Black "Carlsson, Ludvig"]
[Result "0-1"]
[ECO "D17"]
[WhiteElo "2351"]
[BlackElo "2217"]
[Annotator "NA"]
[PlyCount "48"]
[EventDate "2019.02.03"]
[EventType "swiss"]
[EventCountry "ISL"]
[SourceTitle "playchess.com"]
[Source "ChessBase"]
[SourceQuality "1"]
[TimeControl "5400+30"]

1. d4 d5 2. c4 c6 3. Nc3 Nf6 4. Nf3 dxc4 5. a4 Bf5 6. Ne5 e6 7. g3 Bb4 8. Be3 Ne4 9. Qc1 Qa5 10. f3 Nxc3 11. bxc3 Bxc3+ 12. Bd2 Bxd2+ 13. Qxd2 c3 14. Qc1 c2+ 15. Qd2 Qxd2+ 16. Kxd2 Nd7 17. Nc4 Ke7 18. e4 Bg6 19. Bd3 Rhd8 20. Ke3 f6 21. Bxc2 e5 22. Rhd1 exd4+ 23. Rxd4 Ne5 24. Nxe5 fxe5 0-1

[Event "Nordic Youth-ch A 2019"]
[Site "Borgarnes"]
[Date "2019.02.17"]
[Round "5.8"]
[White "Multanen, Jimi"]
[Black "Fjallheim, Leif Reinert"]
[Result "1/2-1/2"]
[ECO "A05"]
[WhiteElo "1544"]
[BlackElo "1712"]
[Annotator "NA"]
[PlyCount "82"]
[EventDate "2019.02.03"]
[EventType "swiss"]
[EventCountry "ISL"]
[SourceTitle "playchess.com"]
[Source "ChessBase"]
[SourceQuality "1"]
[TimeControl "5400+30"]

1. Nf3 Nf6 2. g3 g6 3. b3 d6 4. d4 Bg7 5. Bb2 c6 6. Bg2 Nbd7 7. O-O O-O 8. c4 d5 9. Nc3 Nb6 10. cxd5 Nbxd5 11. Re1 Nxc3 12. Bxc3 Ne4 13. Bb2 f5 14. Nd2 Nxd2 15. Qxd2 e5 16. d5 e4 17. Red1 Qxd5 18. Qxd5+ cxd5 19. Bxg7 Kxg7 20. Rxd5 Be6 21. Rd6 Kf7 22. f3 Ke7 23. Rad1 exf3 24. Bxf3 Rab8 25. R6d4 b6 26. Ra4 a5 27. b4 axb4 28. Ra7+ Kf6 29. Rb1 Rf7 30. Ra4 b3 31. axb3 Rd7 32. Rb2 Rbd8 33. Rb4 Rd6 34. Kf2 g5 35. Ra2 g4 36. Bg2 Rb8 37. Ra6 h5 38. Ke3 Kg5 39. Rb5 Kf6 40. Rb4 Kg5 41. Rb5 Kf6 {[%emt 0:00:05] Ke4 Ke5+} 1/2-1/2

[Event "Nordic Youth-ch A 2019"]
[Site "Borgarnes"]
[Date "2019.02.17"]
[Round "5.9"]
[White "Aalto, Patrik"]
[Black "Wartiovaara, Oliver"]
[Result "1/2-1/2"]
[ECO "B22"]
[WhiteElo "1985"]
[BlackElo "2021"]
[Annotator "NA"]
[PlyCount "100"]
[EventDate "2019.02.03"]
[EventType "swiss"]
[EventCountry "ISL"]
[SourceTitle "playchess.com"]
[Source "ChessBase"]
[SourceQuality "1"]
[TimeControl "5400+30"]

1. e4 c5 2. c3 Nf6 3. e5 Nd5 4. d4 cxd4 5. Nf3 Nc6 6. cxd4 d6 7. Bc4 dxe5 8. dxe5 Ndb4 9. Qb3 e6 10. O-O Bd7 11. Qd1 Qc7 12. a3 Na5 13. Bd3 Nxd3 14. Qxd3 Rc8 15. Nbd2 a6 16. Rd1 Bb5 17. Qe4 Be7 18. b4 Ba4 19. Re1 Nb3 20. Nxb3 Bxb3 21. Bb2 O-O 22. Rac1 Qd7 23. Nd4 Bd5 24. Qe3 h6 25. Rxc8 Rxc8 26. Rc1 Bg5 27. Rxc8+ Qxc8 28. f4 Bd8 29. Qc3 Qd7 30. Kf2 Bb6 31. Kf1 Bxd4 32. Qxd4 Qc6 33. Qd2 Qc4+ 34. Kg1 Qe4 35. Kf1 h5 36. h3 Qg6 37. Kg1 Qg3 38. Bc1 Be4 39. Qe2 Bd5 40. Qd2 Qb3 41. Kh2 Qc4 42. Kg1 Bc6 43. Qd8+ Kh7 44. Qd1 Kg6 45. Qd2 Kh7 46. Qd1 Qe4 47. Qd2 Bb5 48. Qe3 Qc2 49. Bd2 Qc4 50. Qf3 Qe2 1/2-1/2

[Event "Nordic Youth-ch A 2019"]
[Site "Borgarnes"]
[Date "2019.02.17"]
[Round "5.10"]
[White "Fuglestein, Sander"]
[Black "Davidsson, Oskar Vikingur"]
[Result "1/2-1/2"]
[ECO "A40"]
[WhiteElo "2024"]
[BlackElo "1941"]
[Annotator "NA"]
[PlyCount "43"]
[EventDate "2019.02.03"]
[EventType "swiss"]
[EventCountry "ISL"]
[SourceTitle "playchess.com"]
[Source "ChessBase"]
[SourceQuality "1"]
[TimeControl "5400+30"]

1. d4 Nf6 2. c4 e6 3. g3 d5 4. Nf3 b6 5. Bg2 Bb7 6. O-O Be7 7. Ne5 O-O 8. Nc3 c6 9. Bf4 dxc4 10. Nxc4 Nd5 11. Ne5 Nxf4 12. gxf4 Qc8 13. Qa4 c5 14. Bxb7 Qxb7 15. dxc5 Bxc5 16. Rfd1 f6 17. Nd7 Nxd7 18. Rxd7 Qc8 19. Rad1 e5 20. f5 Qe8 21. Qg4 Rf7 22. Qc4 1/2-1/2

[Event "Nordic Youth-ch A 2019"]
[Site "Borgarnes"]
[Date "2019.02.17"]
[Round "5.11"]
[White "Vitenberg, Noam Aviv"]
[Black "Luu, Robert"]
[Result "1-0"]
[ECO "A06"]
[WhiteElo "2180"]
[BlackElo "1687"]
[Annotator "NA"]
[PlyCount "71"]
[EventDate "2019.02.03"]
[EventType "swiss"]
[EventCountry "ISL"]
[SourceTitle "playchess.com"]
[Source "ChessBase"]
[SourceQuality "1"]
[TimeControl "5400+30"]

1. Nf3 d5 2. e3 Nf6 3. c4 e6 4. Nc3 Be7 5. d4 a6 6. cxd5 exd5 7. Bd3 c6 8. Qc2 O-O 9. O-O Nbd7 10. Rb1 c5 11. b3 b6 12. Bb2 Bb7 13. Rfd1 Qc7 14. Rbc1 Rac8 15. Qe2 c4 16. bxc4 dxc4 17. Bb1 b5 18. a3 Qa5 19. Bc2 Rfd8 20. e4 Nf8 21. d5 Ng6 22. Nd4 Bc5 23. Nf5 Qc7 24. g3 Ne5 25. Nb1 Ne8 26. d6 Bxd6 27. Rxd6 Nxd6 28. Bxe5 Qc5 29. Bxd6 Rxd6 30. Nxd6 Qxd6 31. Qd2 Qe7 32. Rd1 Bc6 33. Qd4 a5 34. e5 g6 35. f4 Qb7 36. Nd2 1-0

[Event "Nordic Youth-ch A 2019"]
[Site "Borgarnes"]
[Date "2019.02.17"]
[Round "5.12"]
[White "Liu, Casper"]
[Black "Nielsen, Jon I Horni"]
[Result "1-0"]
[ECO "A45"]
[WhiteElo "2126"]
[BlackElo "1756"]
[Annotator "NA"]
[PlyCount "57"]
[EventDate "2019.02.03"]
[EventType "swiss"]
[EventCountry "ISL"]
[SourceTitle "playchess.com"]
[Source "ChessBase"]
[SourceQuality "1"]
[TimeControl "5400+30"]

1. d4 Nf6 2. Bf4 c5 3. e3 Qb6 4. Nc3 d6 5. Nf3 g6 6. dxc5 Qxc5 7. Qd4 Qxd4 8. exd4 Bg7 9. O-O-O O-O 10. Re1 Nc6 11. Bb5 Nh5 12. Bg5 f6 13. Bd2 e5 14. Nd5 Bd7 15. h3 Rae8 16. g4 Nf4 17. Nxf4 exf4 18. Bc4+ Kh8 19. Bxf4 Na5 20. Bd5 Rxe1+ 21. Rxe1 Rd8 22. b4 Nc6 23. Bxd6 Be8 24. b5 Nb8 25. Bc7 Rc8 26. Bxb7 Rxc7 27. Rxe8+ Bf8 28. Rxf8+ Kg7 29. Rxb8 1-0

[Event "Nordic Youth-ch A 2019"]
[Site "Borgarnes"]
[Date "2019.02.17"]
[Round "5.13"]
[White "Soderstrom, Adrian"]
[Black "Sinitsyn, Anton"]
[Result "1-0"]
[ECO "D10"]
[WhiteElo "2138"]
[BlackElo "1621"]
[Annotator "NA"]
[PlyCount "73"]
[EventDate "2019.02.03"]
[EventType "swiss"]
[EventCountry "ISL"]
[SourceTitle "playchess.com"]
[Source "ChessBase"]
[SourceQuality "1"]
[TimeControl "5400+30"]

1. d4 d5 2. c4 c6 3. cxd5 cxd5 4. Nc3 Nf6 5. f3 Nc6 6. e4 dxe4 7. d5 Ne5 8. fxe4 e6 9. Nf3 Nxf3+ 10. Qxf3 exd5 11. exd5 Bg4 12. Bb5+ Bd7 13. Bxd7+ Qxd7 14. Bg5 Be7 15. O-O O-O 16. Rad1 h6 17. Bh4 Bc5+ 18. Kh1 Ng4 19. Rde1 Bd6 20. Bg3 Bxg3 21. Qxg3 Rae8 22. h3 Rxe1 23. Rxe1 Nf6 24. Rf1 Kh8 25. Qf3 b5 26. a3 a5 27. Qf5 Qxf5 28. Rxf5 b4 29. axb4 axb4 30. Nb5 Rd8 31. d6 Ne4 32. Rd5 f5 33. Kg1 g6 34. g4 Kg7 35. gxf5 gxf5 36. Nd4 f4 37. Ne6+ 1-0

[Event "Nordic Youth-ch A 2019"]
[Site "Borgarnes"]
[Date "2019.02.17"]
[Round "5.14"]
[White "Apol, Luitjen Akselsson"]
[Black "Moller, Albert Mechlenburg"]
[Result "1-0"]
[ECO "B76"]
[WhiteElo "1854"]
[BlackElo "1845"]
[Annotator "NA"]
[PlyCount "59"]
[EventDate "2019.02.03"]
[EventType "swiss"]
[EventCountry "ISL"]
[SourceTitle "playchess.com"]
[Source "ChessBase"]
[SourceQuality "1"]
[TimeControl "5400+30"]

1. e4 c5 2. Nf3 d6 3. d4 cxd4 4. Nxd4 Nf6 5. Nc3 g6 6. Be3 Bg7 7. f3 Nc6 8. Qd2 O-O 9. O-O-O d5 10. exd5 Nxd5 11. Nxc6 bxc6 12. Bd4 Nxc3 13. Qxc3 Bh6+ 14. Be3 Bxe3+ 15. Qxe3 Qc7 16. Bc4 a5 17. h4 Ba6 18. Bxa6 Rxa6 19. h5 a4 20. Qd4 c5 21. Qc4 Rfa8 22. hxg6 Rxg6 23. Rxh7 Rg7 24. Rxg7+ Kxg7 25. Qg4+ Kf8 26. Qe4 Ra7 27. Qh4 e6 28. Rd8+ Kg7 29. Qg5+ Kh7 30. Rg8 1-0

[Event "Nordic Youth-ch A 2019"]
[Site "Borgarnes"]
[Date "2019.02.17"]
[Round "5.15"]
[White "Dale, Gunnar Brandshaug"]
[Black "Falkevall, Axel"]
[Result "1-0"]
[ECO "D45"]
[WhiteElo "1889"]
[BlackElo "2070"]
[Annotator "NA"]
[PlyCount "37"]
[EventDate "2019.02.03"]
[EventType "swiss"]
[EventCountry "ISL"]
[SourceTitle "playchess.com"]
[Source "ChessBase"]
[SourceQuality "1"]
[TimeControl "5400+30"]

1. Nf3 Nf6 2. c4 e6 3. Nc3 d5 4. d4 c6 5. e3 Nbd7 6. Qc2 Bd6 7. g4 h6 8. Rg1 e5 9. dxe5 Nxe5 10. Nxe5 Bxe5 11. cxd5 cxd5 12. g5 hxg5 13. Rxg5 Bxc3+ 14. Qxc3 O-O 15. b3 Re8 16. Bb2 Re6 17. Bd3 Qd6 18. Bf5 Re8 19. Bxc8 1-0

[Event "Nordic Youth-ch A 2019"]
[Site "Borgarnes"]
[Date "2019.02.17"]
[Round "5.16"]
[White "Shehzad, Shazil"]
[Black "Gudmundsson, Gunnar Erik"]
[Result "1-0"]
[ECO "B42"]
[WhiteElo "1959"]
[BlackElo "1693"]
[Annotator "NA"]
[PlyCount "120"]
[EventDate "2019.02.03"]
[EventType "swiss"]
[EventCountry "ISL"]
[SourceTitle "playchess.com"]
[Source "ChessBase"]
[SourceQuality "1"]
[TimeControl "5400+30"]

1. e4 c5 2. Nf3 e6 3. d4 cxd4 4. Nxd4 a6 5. Bd3 Qc7 6. Qe2 Nc6 7. Nxc6 bxc6 8. c4 d6 9. Nc3 Nf6 10. O-O Be7 11. f4 Bb7 12. e5 Nd7 13. exd6 Bxd6 14. Ne4 Be7 15. Be3 Nf6 16. Bd4 Rd8 17. Bc3 c5 18. Nxf6+ Bxf6 19. Bxf6 gxf6 20. Be4 Rd4 21. Bxb7 Qxb7 22. Rad1 Qe4 23. Qg4 Ke7 24. Rde1 Qg6 25. Qf3 Rb8 26. b3 Rd2 27. Qc6 Rbd8 28. Qxc5+ Ke8 29. Qc6+ Ke7 30. f5 Qg4 31. fxe6 fxe6 32. Rf2 Rxf2 33. Qc5+ Kf7 34. Qxf2 Rd7 35. h3 Qg5 36. Qe3 Qf5 37. g4 Qe5 38. Qxe5 fxe5 39. Rxe5 Kf6 40. Ra5 Rd6 41. Kf2 h6 42. Ke3 Kg6 43. h4 Kf6 44. Ke4 Rc6 45. Kd4 Kg6 46. Ke5 Kf7 47. c5 Ke7 48. b4 Kf7 49. Ra3 Kg7 50. Rf3 a5 51. a3 axb4 52. axb4 h5 53. gxh5 Kh6 54. Rf6+ Kxh5 55. Rxe6 Rc8 56. Kd5 Kxh4 57. b5 Kg5 58. b6 Kf5 59. b7 Rd8+ 60. Rd6 Re8 {[%emt 0:00:20] Ke4+} 1-0

[Event "Nordic Youth-ch A 2019"]
[Site "Borgarnes"]
[Date "2019.02.17"]
[Round "5.17"]
[White "Medhus, Vitus Bondo"]
[Black "Kvaloy, Aksel Bu"]
[Result "1/2-1/2"]
[ECO "B06"]
[WhiteElo "1788"]
[BlackElo "2066"]
[Annotator "NA"]
[PlyCount "120"]
[EventDate "2019.02.03"]
[EventType "swiss"]
[EventCountry "ISL"]
[SourceTitle "playchess.com"]
[Source "ChessBase"]
[SourceQuality "1"]
[TimeControl "5400+30"]

1. e4 g6 2. Nc3 Bg7 3. f4 d6 4. Nf3 c5 5. Bc4 Nc6 6. O-O e6 7. Qe1 Nge7 8. d3 O-O 9. Bb3 Nd4 10. Be3 d5 11. Bxd4 cxd4 12. Ne2 Qb6 13. Qh4 dxe4 14. Ng5 h6 15. Nxe4 Nf5 16. Qh3 Ne3 17. Rfe1 f5 18. Nd2 Kh7 19. Nf3 Bf6 20. Kh1 Qd6 21. Kg1 Nd5 22. Bxd5 Qxd5 23. Ng5+ Kg7 24. Nf3 b6 25. Qg3 Bb7 26. c4 Qd7 27. Ne5 Bxe5 28. fxe5 Kh7 29. b4 g5 30. Qf2 Rad8 31. c5 f4 32. Rac1 Qd5 33. cxb6 axb6 34. Rc7+ Kg6 35. Nxd4 Qxd4 36. Qxd4 Rxd4 37. Rxb7 Rxd3 38. Rxb6 Kf5 39. g4+ Kxg4 40. Rxe6 Re3 41. Rf1 Rc8 42. b5 Rc2 43. Rb1 Ree2 44. Rxh6 Rxe5 45. b6 Re8 46. b7 Rb8 47. a4 Ra2 48. Ra6 Kf3 49. Ra7 Rd2 50. Rb3+ Ke2 51. a5 f3 52. Rb1 Rbd8 53. h4 Rd1+ 54. Rxd1 Rxd1+ 55. Kh2 Rb1 56. Ra6 f2 57. Re6+ Kd3 58. Rf6 Rxb7 59. Rxf2 gxh4 60. Kh3 Ra7 1/2-1/2